 Dungeon Crawl Stone Soup version 0.17.2-1-ge4368a0 (webtiles) character file.

1721 diggydiggyhole the Martial Artist (level 9, -6/48 HPs)
             Began as a Vine Stalker Monk on Apr 6, 2017.
             Was a Follower of Elyvilon (penitent).
             Mangled by a worm (7 damage)
             ... on level 3 of the Dungeon.
             The game lasted 00:11:07 (7070 turns).

diggydiggyhole the Martial Artist (VSMo)            Turns: 7070, Time: 00:11:08

Health: -6/48      AC:  0    Str: 13    XL:     9   Next: 4%
Magic:  0/10       EV: 13    Int: 10    God:    Elyvilon [*]
Gold:   270        SH:  0    Dex: 21    Spells: 0 memorised, 8 levels left

rFire  . . .     SeeInvis .     c - 2 potions of haste
rCold  . . .     Clarity  .     (no armour)
rNeg   . . .     SustAt   .     (no shield)
rPois  .         Gourm    .     (no helmet)
rElec  .         Spirit   +     (no cloak)
rCorr  .         Warding  .     (no gloves)
rMut   .         Stasis   .     (no boots)
MR     +....                    (no amulet)
Stlth  +++.......               (no ring)
                                (no ring)

@: somewhat resistant to hostile enchantments, fairly stealthy
A: fangs 3, regeneration 2, magic shield, antimagic bite, no device heal 3, rot
immunity
a: Renounce Religion


You were on level 3 of the Dungeon.
You worshipped Elyvilon.
Elyvilon was demanding penance.
You were hungry.

You visited 2 branches of the dungeon, and saw 7 of its levels.
You also visited: Sewer.

You collected 270 gold pieces.

Inventory:

Wands
 k - a wand of lightning (11)
 p - a wand of disintegration (11)
 B - a wand of slowing (28)
 C - a wand of teleportation (5)
Scrolls
 a - 2 scrolls of recharging {unknown}
 f - 2 scrolls of immolation {unknown}
 g - 3 scrolls of remove curse (quivered)
 h - a scroll of random uselessness {unknown}
 i - 9 scrolls of identify
 j - a scroll of fog {unknown}
 l - 2 scrolls of enchant weapon {unknown}
 r - a scroll of magic mapping {unknown}
 u - a scroll of amnesia {unknown}
 x - 3 scrolls of blinking {unknown}
 y - 3 scrolls of teleportation {unknown}
Potions
 c - 2 potions of haste (in hand)
 d - 2 potions of invisibility
 e - 5 potions of heal wounds {unknown}
 m - 6 potions of curing {unknown}
 q - a potion of berserk rage {unknown}
 s - 5 potions of brilliance {unknown}
 v - a potion of degeneration {unknown}
 w - 2 potions of resistance {unknown}
 E - a potion of agility {unknown}
 F - a potion of flight {unknown}
 H - 2 potions of might {unknown}
Comestibles
 b - 2 bread rations


   Skills:
 - Level 5.6 Fighting
 - Level 2.4 Dodging
 + Level 5.2 Stealth
 - Level 10.0 Unarmed Combat


You had 8 spell levels left.
You didn't know any spells.

Dungeon Overview and Level Annotations

Branches:
Dungeon (6/15)             Temple (1/1) D:5

Altars:
Ashenzari
Cheibriados
Dithmenos
Elyvilon
Gozag
Kikubaaqudgha
Okawaru
Qazlal
Ru
Trog
Yredelemnul


Innate Abilities, Weirdness & Mutations

You have razor-sharp teeth.
You heal very quickly.
When hurt, damage is shared between your health and your magic reserves.
Your bite disrupts and absorbs the magic of your enemies.
Potions and wands cannot restore your health.
You are immune to rotting.


Message History

The freed slave misses you. The worm barely misses you.
The freed slave hits you. The worm misses you. The freed slave hits you.
The freed slave barely misses you. The worm bites you.
The freed slave hits you! The freed slave hits you.
* * * LOW HITPOINT WARNING * * *
The worm bites you.
* * * LOW HITPOINT WARNING * * *
Okay, then.
Unknown command.
You punch the freed slave!
The freed slave is moderately wounded.
The freed slave hits you!
* * * LOW HITPOINT WARNING * * *
Unknown command.
Wield which item (- for none, * to show all)? (? for menu, Esc to quit)
c - 2 potions of haste (in hand)
The worm bites you!
You die...

****** *,,,,* *,**,*
*,**,****** *,**,,,,,,,
####****,**,,*****
#..,,,,,,,,,,,,,,,
#w######.**,,,,***
##@.......,,,,,,,,*
#p........,,),,,,,*
#..#######**,***#.* #..#
*,* #.#
#..#########)##**..
*######........#.....,,..
*..............#....#**#.
*.#####........#....# #.
*,#.......)#####....# #.


You could see a freed slave and a worm.

Vanquished Creatures
  Pikel (D:3)
  Sigmund (D:5)
  A slave (D:3)
  A sky beast (D:5)
  An ogre (D:5)
  A gnoll sergeant (D:6)
  A wyvern skeleton (D:6)
  A wight (D:6)
  A centaur skeleton (D:4)
  An orc priest (D:5)
  2 hounds
  Crazy Yiuf (D:5)
  A giant frog skeleton (D:6)
  5 orc wizards
  Jessica (D:3)
  5 worker ants
  A worker ant zombie (D:5)
  5 gnolls (D:6)
  9 adders
  5 river rats (Sewer)
  A worm (D:3)
  An adder skeleton (D:5)
  3 giant geckos
  11 orcs
  8 bats
  5 giant cockroaches
  11 goblins
  7 hobgoblins
  4 jackals (D:1)
  5 ball pythons
  7 giant newts
  22 kobolds
  4 quokkas
  A quokka zombie (D:5)
  29 rats
164 creatures vanquished.

Vanquished Creatures (others)
  An adder (D:3)
  3 hobgoblins (D:3)
  A kobold (D:3)
5 creatures vanquished.

Grand Total: 169 creatures vanquished

Notes
Turn   | Place    | Note
--------------------------------------------------------------
     0 | D:1      | diggydiggyhole the Vine Stalker Monk began the quest for the Orb.
     0 | D:1      | Reached XP level 1. HP: 11/11 MP: 2/2
    71 | D:1      | Reached XP level 2. HP: 10/16 MP: 1/3
   284 | D:1      | Reached XP level 3. HP: 14/19 MP: 4/4
   411 | D:1      | Reached skill level 5 in Unarmed Combat
   427 | D:1      | Found a shattered altar of Ashenzari.
   873 | D:2      | Found a sacrificial altar of Ru.
   881 | D:2      | Reached XP level 4. HP: 21/23 MP: 5/5
  2070 | D:3      | Reached skill level 6 in Unarmed Combat
  2208 | D:3      | Noticed Jessica
  2219 | D:3      | Killed Jessica
  2219 | D:3      | Reached XP level 5. HP: 16/27 MP: 6/6
  2264 | D:3      | Noticed an air elemental
  2265 | D:3      | Found a stormy altar of Qazlal.
  2267 | D:3      | Noticed a water elemental
  2268 | D:3      | Noticed an earth elemental
  2268 | D:3      | Noticed a fire elemental
  2492 | D:4      | Noticed a slave
  2493 | D:4      | Noticed a slave
  2564 | D:3      | Killed a slave
  2695 | D:4      | Reached skill level 7 in Unarmed Combat
  2695 | D:4      | Gained mutation: You heal very quickly. [Vine Stalker growth]
  2695 | D:4      | Reached XP level 6. HP: 29/32 MP: 7/7
  3021 | D:4      | Noticed Pikel
  3022 | D:4      | Noticed a slave
  3024 | D:4      | Noticed a slave
  3026 | D:4      | Paralysed by Pikel for 2 turns
  3064 | D:3      | Paralysed by Pikel for 4 turns
  3074 | D:3      | Paralysed by Pikel for 7 turns
  3150 | D:3      | Killed Pikel
  3150 | D:3      | Reached skill level 9 in Unarmed Combat
  3150 | D:3      | Reached XP level 7. HP: 27/35 MP: 6/8
  3150 | D:3      | Gained mutation: You have razor-sharp teeth. [Vine Stalker growth]
  3150 | D:3      | Reached XP level 8. HP: 30/39 MP: 6/9
  3376 | D:5      | Entered Level 5 of the Dungeon
  3531 | D:5      | Noticed Sigmund
  3539 | D:5      | Killed Sigmund
  3569 | D:5      | Found an opulent altar of Gozag.
  3577 | D:5      | Reached skill level 5 in Fighting
  3600 | D:5      | Found a shadowy altar of Dithmenos.
  3694 | D:5      | Found a staircase to the Ecumenical Temple.
  3732 | Temple   | Entered the Ecumenical Temple
  3741 | Temple   | Became a worshipper of Elyvilon the Healer
  3741 | Temple   | Reached * piety under Elyvilon
  3741 | Temple   | Reached ** piety under Elyvilon
  3774 | D:5      | Noticed Crazy Yiuf
  3780 | D:5      | Killed Crazy Yiuf
  4139 | D:5      | Found a glowing drain.
  4151 | Sewer    | Entered a sewer
  4379 | Sewer    | Got a smoking robe
  4390 | Sewer    | Identified the +1 robe of Wrong Decisions {+Fly} (You found it in a sewer)
  4823 | D:6      | Reached skill level 10 in Unarmed Combat
  4935 | D:6      | Reached XP level 9. HP: 24/48 MP: 10/10
  5064 | D:4      | Reached skill level 5 in Stealth
  5240 | D:3      | Found a stormy altar of Qazlal.
  6888 | D:3      | Was placed under penance by Elyvilon
  6890 | D:3      | HP: 2/48 [poisoned by an adder]
  6896 | D:3      | HP: 2/48 [poisoned by an adder]
  7069 | D:3      | HP: 1/48 [freed slave[Pikel] (7)]
  7070 | D:3      | Mangled by a worm

Action                   |  1- 3 |  4- 6 |  7- 9 || total
-------------------------+-------+-------+-------++-------
Melee: Unarmed           |    93 |   196 |   207 ||   496
Invok: Divine Protection |       |       |     2 ||     2
  Use: Scroll            |     3 |       |       ||     3
 Stab: Sleeping          |     2 |    11 |     3 ||    16
       Distracted        |       |     2 |     1 ||     3
       Paralysed         |       |     1 |       ||     1
  Eat: Chunk             |       |     5 |     4 ||     9
       Fruit             |       |     3 |       ||     3
       Pizza             |       |       |     1 ||     1
       Beef jerky        |       |       |     1 ||     1
       Bread ration      |       |       |     1 ||     1
